 Dungeon Crawl Stone Soup version 0.15-a0-187-g0bb430c (webtiles) character file.

685 Jon2 the Vexing (level 6, -2/41 HPs)
             Began as a Vampire Enchanter on Apr 21, 2014.
             Slain by an orc warrior
             ... wielding a +0,+0 long sword
              (10 damage)
             ... on Level 6 of the Dungeon.
             The game lasted 00:15:47 (6210 turns).

Jon2 the Vexing (Vampire Enchanter)                 Turns: 6210, Time: 00:15:48

HP  -2/41        AC  4     Str  7      XL: 6   Next: 84%
MP   0/10        EV 14     Int 19      God:
Gold 210         SH  0     Dex 17      Spells:  3 memorised,  3 levels left

rFire  . . .     SeeInvis +     m - +2 dagger (venom)
rCold  + . .     Clarity  .     b - +1 robe
rNeg   + + .     Conserve .     (no shield)
rPois  +         rCorr    .     (no helmet)
rElec  .         rRot     +     (no cloak)
SustAb . .       Spirit   .     h - +0 pair of gloves
rMut   .         Warding  .     (no boots)
Saprov . . .     Stasis   .     (no amulet)
MR     .....                    v - ring of wizardry
                                l - +3 ring of dexterity

@: regenerating slowly, not resistant to hostile enchantments, quite stealthy
A: bottle blood, fangs 3, see invisible, unbreathing
a: Bat Form, Bottle Blood


You were on level 6 of the Dungeon.
You were very thirsty.

You visited 1 branch of the dungeon, and saw 6 of its levels.

You collected 210 gold pieces.

Inventory:

Hand weapons
 a - a +1,+1 dagger
 m - a +2,+2 dagger of venom (weapon)
Missiles
 d - 12 darts (quivered)
Armour
 b - a +1 robe (worn)
 h - a +0 pair of gloves (worn)
Magical devices
 e - a wand of flame (0)
 C - a wand of disintegration (0)
Scrolls
 f - a scroll of blinking {unknown}
 g - 6 scrolls of teleportation {unknown}
 i - a scroll of enchant weapon II {unknown}
 j - a scroll of fog {unknown}
 k - a scroll of random uselessness {unknown}
 n - 2 scrolls of remove curse {unknown}
 p - 3 scrolls of recharging {unknown}
 q - 3 scrolls of enchant weapon I {unknown}
 r - 4 scrolls of identify {unknown}
 s - 2 scrolls of fear {unknown}
 w - a scroll of immolation {unknown}
 y - a scroll of magic mapping {unknown}
 z - a scroll of amnesia {unknown}
Jewellery
 l - a +3 ring of dexterity (left hand)
 t - an uncursed ring of sustenance
 v - a ring of wizardry (right hand)
Potions
 o - 3 potions of curing
 x - 2 potions of resistance
 A - 2 potions of blood
 B - a potion of lignification {unknown}
Books
 c - a book of Maledictions

   Spells                             Type                      Level
   *Corona                            Hexes                        1
   Sure Blade                         Hexes/Charms                 2
   *Ensorcelled Hibernation           Hexes/Ice                    2
   *Confuse                           Hexes                        3
   Dazzling Spray                     Conjuration/Hexes            3
   Enslavement                        Hexes                        4


   Skills:
 * Level 5.2 Short Blades
 - Level 0.7 Throwing
 + Level 3.7 Dodging
 + Level 5.5 Stealth
 - Level 2.0 Spellcasting
 + Level 6.6 Hexes


You had 3 spell levels left.
You knew the following spells:

 Your Spells              Type           Power        Failure   Level  Hunger
a - Corona                Hex            ####...      1%          1    #......
b - Ensorcelled Hibernat  Hex/Ice        ##....       4%          2    ##.....
c - Confuse               Hex            ####....     1%          3    ####...


Dungeon Overview and Level Annotations

Branches:
Dungeon (6/15)
 Temple: D:4-7

Altars:
Makhleb
Trog
Vehumet


Innate Abilities, Weirdness & Mutations

You heal slowly.
You can bottle blood from corpses.
You have razor-sharp teeth.*
You have supernaturally acute eyesight.
You can survive without breathing.*


Message History

Okay, then.
You hit the orc warrior but do no damage.
The orc warrior is poisoned.
The orc warrior hits you but does no damage.
There is a stone staircase leading up here.
An iguana skeleton comes into view.
Casting: Ensorcelled Hibernation
Confirm with . or Enter, or press ? or * to list all spells.
Aiming: Ensorcelled Hibernation
Press: ? - help, Shift-Dir - straight line, f/p - orc warrior
Aim: an orc warrior, wielding a long sword and wearing a chain mail (moderately wounded, poisoned)
The orc warrior looks drowsy...
You are feeling very thirsty.
The orc warrior shouts!
The orc warrior barely misses you.
You hit the orc warrior but do no damage.
The orc warrior looks even sicker.
The orc warrior is moderately wounded.
The orc warrior hits you with a long sword!
You die...

#.# #(# .#
##.########.#
#####............#
#...........).....#
#......#).8..#
#..###.#.....#
###o.# #)#.....###
#.@..###.......o..
#.###o#..%.......#
#....#
#...###.####.#
###(#z⌠.#..# .#
#..#.#..## # ##
###..# .... .##.#
#. #.#


You could see an orc warrior and an orc wizard.

Vanquished Creatures
  A giant frog (D:6)
  A hound (D:5)
  A crimson imp (D:3)
  A jelly (D:6)
  An orc wizard (D:6)
  A worker ant (D:4)
  A worker ant zombie (D:5)
  8 adders
  A steam dragon skeleton (D:6)
  A shadow imp (D:5)
  5 worms
  2 giant geckos
  An ooze (D:3)
  10 orcs
  11 bats
  A bat skeleton (D:5)
  A bat zombie (D:6)
  6 giant cockroaches
  13 goblins
  11 hobgoblins
  4 jackals (D:4)
  A ball python (D:3)
  8 giant newts
  A giant spore (D:6)
  16 kobolds
  A kobold skeleton (D:3)
  5 quokkas
  32 rats
  A rat zombie (D:6)
147 creatures vanquished.

Notes
Turn   | Place    | Note
--------------------------------------------------------------
     0 | D:1      | Jon2, the Vampire Enchanter, began the quest for the Orb.
     0 | D:1      | Reached XP level 1. HP: 13/13 MP: 3/3
   551 | D:1      | Reached XP level 2. HP: 19/19 MP: 4/4
   555 | D:1      | Learned a level 2 spell: Ensorcelled Hibernation
  1316 | D:2      | Reached XP level 3. HP: 24/24 MP: 6/6
  1322 | D:2      | Learned a level 3 spell: Confuse
  1617 | D:2      | Paralysed by a potion of paralysis for 5 turns
  1973 | D:2      | Found a bloodstained altar of Trog.
  2523 | D:3      | Reached XP level 4. HP: 30/30 MP: 7/7
  2542 | D:3      | Reached skill level 5 in Hexes
  2877 | D:3      | Found a burning altar of Makhleb.
  2878 | D:3      | Found a radiant altar of Vehumet.
  3491 | D:3      | Reached XP level 5. HP: 26/35 MP: 9/9
  5312 | D:4      | Reached XP level 6. HP: 41/41 MP: 10/10
  5496 | D:5      | Entered Level 5 of the Dungeon
  5548 | D:5      | Reached skill level 5 in Stealth
  5548 | D:5      | Reached skill level 6 in Hexes
  6170 | D:6      | Reached skill level 5 in Short Blades
  6186 | D:6      | HP: 2/41 [orc wizard/magic dart (6)]
  6210 | D:6      | Slain by an orc warrior

Action                   |  1- 3 |  4- 6 || total
-------------------------+-------+-------++-------
Melee: Dagger            |   173 |   341 ||   514
 Cast: Ensorcelled Hiber |     2 |     9 ||    11
       Confuse           |       |     3 ||     3
 Abil: Bottle Blood      |       |     2 ||     2
Evoke: Wand              |       |     6 ||     6
  Use: Potion            |     5 |     6 ||    11
 Stab: Sleeping          |     7 |    15 ||    22
       Confused          |       |     1 ||     1
